 Dungeon Crawl Stone Soup version 0.20-a0-618-gbb8d3ca (webtiles) character file.

29459 Laan the Cleaver (level 13, -1/84 HPs)
             Began as a Gargoyle Fighter on Feb 9, 2017.
             Was an Elder of the Shining One.
             Killed from afar by an ogre mage (45 damage)
             ... with a crystal spear
             ... on level 14 of the Dungeon.
             The game lasted 00:29:53 (11739 turns).

Laan the Cleaver (Gargoyle Fighter)                Turns: 11739, Time: 00:29:53

Health: -1/84      AC: 23    Str: 23    XL:     13   Next: 45%
Magic:  0/13       EV:  7    Int: 11    God:    the Shining One [****..]
Gold:   652        SH: 12    Dex:  9    Spells: 12/12 levels left

rFire    + . .     SeeInvis .   t - +2 hand axe (elec)
rCold    . . .     Gourm    .   P - +2 chain mail {rF+}
rNeg     + + +     Faith    .   c - +0 shield
rPois    ∞         Spirit   +   T - +0 hat
rElec    +         Reflect  .   y - scarf {Spirit}
rCorr    .         Harm     .   (no gloves)
MR       +....                  (no boots)
Stlth    ..........             k - amulet of magic regeneration
Regen    0.3/turn               N - +4 ring of slaying
                                B - ring of protection from magic

@: glowing
A: negative energy resistance 1, electricity resistance, unbreathing,
petrification resistance, rot immunity, AC +9
a: Divine Shield, Cleansing Flame, Renounce Religion


You were on level 14 of the Dungeon.
You worshipped the Shining One.
The Shining One was greatly pleased with you.
You were hungry.

You visited 1 branch of the dungeon, and saw 14 of its levels.

You collected 832 gold pieces.
You spent 180 gold pieces at shops.

Inventory:

Hand Weapons
 t - a +2 hand axe of electrocution (weapon)
Armour
 c - a +0 shield (worn)
 y - a scarf of spirit shield (worn)
 P - a +2 chain mail of fire resistance (worn)
 T - a +0 hat (worn)
Jewellery
 k - an amulet of magic regeneration (around neck)
 B - a ring of protection from magic (left hand)
 G - a +5 ring of dexterity
 K - an uncursed ring of see invisible
 N - a +4 ring of slaying (right hand)
 X - an uncursed ring of protection from cold {unknown}
Wands
 r - a wand of acid (0/15)
 R - a wand of flame (37/48)
 S - a wand of flame (23/48)
 U - a wand of acid (0/15)
 Z - a wand of polymorph (18/24)
Scrolls
 a - 3 scrolls of brand weapon {unknown}
 g - 15 scrolls of identify {unknown}
 h - 8 scrolls of teleportation {unknown}
 i - 5 scrolls of fog {unknown}
 j - 5 scrolls of remove curse {unknown}
 m - 2 scrolls of blinking {unknown}
 q - 2 scrolls of enchant weapon {unknown}
 s - 4 scrolls of enchant armour {unknown}
 A - 2 scrolls of amnesia {unknown}
 F - 2 scrolls of magic mapping {unknown}
 H - a scroll of summoning {unknown}
 M - a scroll of fear {unknown}
 Q - 3 scrolls of acquirement {unknown}
 W - a scroll of vulnerability {unknown}
 Y - a scroll of recharging {unknown}
Potions
 d - 3 potions of might
 e - 3 potions of brilliance {unknown}
 l - 4 potions of resistance {unknown}
 n - 2 potions of agility {unknown}
 p - 2 potions of lignification {unknown}
 u - 5 potions of cancellation {unknown}
 v - 2 potions of invisibility {unknown}
 w - 2 potions of mutation {unknown}
 x - 4 potions of heal wounds
 z - 3 potions of curing {unknown}
 D - 5 potions of flight {unknown}
 I - a potion of berserk rage {unknown}
 J - 3 potions of cure mutation {unknown}
 O - 2 potions of degeneration {unknown}
Books
 L - a book of Air

   Spells                             Type                      Level
   a - Shock                          Conjuration/Air              1
   b - Swiftness                      Charms/Air                   2
   c - Static Discharge               Conjuration/Air              3
   d - Airstrike                      Air                          4
   e - Lightning Bolt                 Conjuration/Air              5
Comestibles
 b - 6 royal jellies
 f - 11 bread rations
 E - a meat ration
 V - 3 fruits


   Skills:
 + Level 11.3 Fighting
 * Level 13.1 Axes
 + Level 11.5 Armour
 + Level 11.4 Shields


You had 12 spell levels left.
You didn't know any spells.

Dungeon Overview and Level Annotations

Branches:
Dungeon (14/15)            Temple (0/1) D:7            Lair (0/6) D:8
    Orc (0/2) D:12
 Vaults: D:13-14

Altars:
Elyvilon
Hepliaklqana
Kikubaaqudgha
Makhleb
Nemelex Xobeh
Okawaru
Ru
Sif Muna
Uskayaw
Zin
The Shining One
Jiyva

Shops:
D:10 [   D:11 [   D:12 ?:

Annotations:
D:13 exclusion: obsidian statue
D:14 exclusion: orange crystal statue


Innate Abilities, Weirdness & Mutations

You are resistant to torment.
Your stone body is resilient. (AC +9)
You are immune to poison.
You resist negative energy. (rN+)
You are resistant to electric shocks. (rElec)
You can survive without breathing.
You are immune to petrification.
You are immune to rotting.


Message History

You see here a tengu corpse.
You slash the ogre mage!
The ogre mage is lightly wounded.
You hit the ogre mage but do no damage.
There is a sudden explosion of sparks!
The ogre mage is heavily wounded.
The ogre mage casts a spell.
The ogre mage blinks!
You block the ogre mage's attack.
There is an open gate, spattered with blood here.
The ogre mage points at you and mumbles some strange words.
The bolt of fire hits you! You resist.
You slash the ogre mage!
There is a sudden explosion of sparks!
The ogre mage is almost dead.
The deep elf archer unwields an uncursed dagger.
The deep elf archer wields an uncursed shortbow.
The deep elf archer shoots an arrow.
You block the arrow.
The ogre mage points at you and mumbles some strange words.
The crystal spear hits you!
Ouch! That really hurt!
You die...

#( ...#≈≈≈.## #.
....≈≈≈≈.# #.. ...p≈≈≈≈.#
#.. ####≈≈≈≈.############
#... #≈≈≈≈.............
#...#####≈≈≈..............
#.....).'......###########
...#.)†((.....# #
#.......'@....## #
#..e#####≈O≈..# ######
#... #≈≈≈≈.... ....(.. #..
#≈≈≈≈?.... ....... #..
.≈≈≈≈..... ....... #.
..≈≈≈≈.#### ####### #)
.#≈≈≈.## #≈≈..#


You could see a vault guard, an ogre mage and a deep elf archer.

Vanquished Creatures
  Gastronok (D:12)
  A vault guard (D:14)
  2 hydras
  4 two-headed ogres
  2 centaur warriors
  Erica (D:11)
  3 unseen horrors
  9 ugly things
  3 cyclopes
  A centaur zombie (D:11)
  A gargoyle (D:14)
  6 centaur skeletons
  A yaktaur (D:14)
  3 trolls
  A tengu conjurer (D:14)
  A hornet (D:9)
  7 hippogriffs
  A shadow (D:13)
  Sigmund (D:4)
  A spriggan (D:8)
  3 wyverns
  A vampire (D:10)
  22 yaks
  A basilisk (D:13)
  2 hungry ghosts
  2 vampire mosquitoes (D:13)
  Eustachio (D:4)
  The ghost of Laan the Shield-Bearer, an amateur GrFi of the Shining One (D:4)
  2 acid dragons
  5 ice beasts
  4 orc warriors
  2 black bears
  A sky beast (D:11)
  A phantom (D:13)
  9 centaurs
  7 ogres
  A big kobold (D:8)
  7 bullfrogs
  3 scorpions
  8 killer bees
  3 electric eels (D:12)
  3 wights (D:6)
  A troll skeleton (D:12)
  4 howler monkeys
  2 spriggan skeletons (D:12)
  3 bullfrog zombies
  3 crimson imps
  5 hounds
  8 jellies
  10 orc wizards
  6 orc priests
  3 bullfrog skeletons
  6 iguanas
  6 worker ants
  A hound zombie (D:11)
  2 worker ant zombies
  2 howler monkey skeletons
  11 gnolls
  14 adders
  5 shadow imps
  2 adder skeletons
  3 worms (D:2)
  3 dart slugs
  2 leopard geckos (D:2)
  41 orcs
  6 giant cockroaches
  7 goblins
  5 hobgoblins
  10 jackals
  9 kobolds
  5 quokkas
  2 ball pythons
  8 bats
  11 frilled lizards
  A jackal zombie (D:5)
  2 rats
348 creatures vanquished.

Notes
Turn   | Place    | Note
-------+----------+-------------------------------------------
     0 | D:1      | Laan the Gargoyle Fighter began the quest for the Orb.
     0 | D:1      | Reached XP level 1. HP: 14/14 MP: 1/1
   101 | D:1      | Reached skill level 2 in Axes
   227 | D:1      | Reached XP level 2. HP: 18/19 MP: 2/2
   895 | D:2      | You fall through a shaft for 2 floors!
   929 | D:2      | Found a burning altar of Makhleb.
   992 | D:2      | Reached XP level 3. HP: 23/23 MP: 3/3
  1309 | D:2      | Reached XP level 4. HP: 5/29 MP: 4/4
  1315 | D:2      | Reached skill level 3 in Axes
  1871 | D:2      | Found a white marble altar of Elyvilon.
  1978 | D:3      | Reached XP level 5. HP: 30/33 MP: 5/5
  2866 | D:4      | Noticed Eustachio
  2867 | D:4      | Noticed Sigmund
  2873 | D:4      | Killed Eustachio
  2873 | D:4      | Reached skill level 4 in Axes
  2873 | D:4      | Reached XP level 6. HP: 39/39 MP: 6/6
  2881 | D:4      | Killed Sigmund
  2881 | D:4      | Reached XP level 7. HP: 30/44 MP: 7/7
  2902 | D:4      | Noticed Laan's ghost (amateur GrFi)
  2911 | D:4      | Killed Laan's ghost
  2911 | D:4      | Reached skill level 5 in Armour
  2911 | D:4      | Reached skill level 5 in Shields
  3194 | D:4      | Reached skill level 5 in Axes
  3210 | D:4      | Found a sacrificial altar of Ru.
  3436 | D:4      | Reached skill level 5 in Fighting
  3575 | D:5      | Entered Level 5 of the Dungeon
  3747 | D:5      | Reached XP level 8. HP: 49/49 MP: 8/8
  4289 | D:6      | Reached skill level 6 in Axes
  4662 | D:6      | Found a deep blue altar of Sif Muna.
  4870 | D:6      | Reached XP level 9. HP: 42/55 MP: 7/9
  5056 | D:7      | Found a glowing golden altar of the Shining One.
  5056 | D:7      | Found an iron altar of Okawaru.
  5057 | D:7      | Found an ancient bone altar of Kikubaaqudgha.
  5062 | D:7      | Became a worshipper of the Shining One
  5081 | D:7      | Reached skill level 7 in Axes
  5181 | D:7      | Found a staircase to the Ecumenical Temple.
  5619 | D:8      | Found a staircase to the Lair.
  5719 | D:8      | Found a viscous altar of Jiyva.
  5833 | D:8      | Reached skill level 8 in Axes
  6088 | D:8      | Noticed a two-headed ogre
  6099 | D:8      | Killed a two-headed ogre
  6099 | D:8      | Reached XP level 10. HP: 48/63 MP: 7/10
  6186 | D:8      | Reached * piety under the Shining One
  6192 | D:8      | Found a glowing silver altar of Zin.
  6422 | D:9      | Found a sparkling altar of Nemelex Xobeh.
  6459 | D:9      | Noticed a hand axe
  6461 | D:9      | Noticed a dagger
  6463 | D:9      | Found a hide-covered altar of Uskayaw.
  6578 | D:9      | Found a hazy altar of Hepliaklqana.
  6643 | D:9      | Reached skill level 9 in Axes
  6957 | D:9      | Noticed a two-headed ogre
  6963 | D:9      | Killed a two-headed ogre
  7309 | D:10     | Entered Level 10 of the Dungeon
  7423 | D:10     | Reached ** piety under the Shining One
  7432 | D:10     | Reached XP level 11. HP: 69/69 MP: 11/11
  7558 | D:10     | Reached skill level 10 in Axes
  7678 | D:10     | Found Abus's Antique Armour Shop.
  7696 | D:10     | Bought a runed chain mail for 180 gold pieces
  8141 | D:11     | Found Cuog Iwu's Armour Boutique.
  8158 | D:11     | Noticed a brown ugly thing
  8170 | D:11     | Killed a brown ugly thing
  8485 | D:11     | Noticed a cyclops
  8497 | D:11     | Killed a cyclops
  8910 | D:11     | Noticed a two-headed ogre
  8919 | D:11     | Killed a two-headed ogre
  8919 | D:11     | Reached skill level 11 in Axes
  8960 | D:11     | Noticed Erica
  8967 | D:11     | Killed Erica
  9283 | D:12     | Noticed a two-headed ogre
  9289 | D:12     | Reached XP level 12. HP: 77/77 MP: 12/12
  9293 | D:12     | Killed a two-headed ogre
  9293 | D:12     | Reached skill level 10 in Armour
  9329 | D:12     | Noticed a five-headed hydra
  9336 | D:12     | Killed a five-headed hydra
  9336 | D:12     | Reached skill level 10 in Fighting
  9336 | D:12     | Reached skill level 10 in Shields
  9341 | D:12     | Found Hafipt's Book Shop.
  9388 | D:11     | Noticed a centaur warrior
  9394 | D:11     | Killed a centaur warrior
  9728 | D:12     | Reached *** piety under the Shining One
  9897 | D:12     | Found a staircase to the Orcish Mines.
  9929 | D:12     | Found Fokle's Magic Scroll Shop.
  9951 | D:12     | Noticed Gastronok
  9971 | D:12     | Killed Gastronok
  9971 | D:12     | Reached skill level 12 in Axes
 10714 | D:13     | Reached **** piety under the Shining One
 10788 | D:13     | Reached XP level 13. HP: 84/84 MP: 13/13
 11315 | D:14     | Reached skill level 13 in Axes
 11679 | D:14     | Noticed a vault guard
 11709 | D:14     | Noticed a vault guard
 11715 | D:14     | Noticed a vault guard
 11727 | D:14     | Killed a vault guard
 11739 | D:14     | Killed from afar by an ogre mage

Vault maps used:
D:1:      saegor_arrival_simple_d, kennysheep_decorative_pillar
D:2:      nicolae_overflow_crystal_walls, elyvilon_altar_3, first_bread,
          minmay_misc_feat_diagonals
D:3:      serial_bayou_pond_d, nrook_loot_triangle
D:4:      hangedman_ru_absence, uniq_eustachio, uniq_sigmund
D:5:      st_stairs_10
D:6:      kennysheep_little_box
D:7:      gammafunk_temple_overflow_forgotten, minmay_temple_entry_nine_rooms,
          minmay_strange_pillars
D:8:      zin_academy, lair_entry_dummy, the_bakery, jiyva_altar_1
D:9:      dancing_weapons_uskayaw, lemuel_coloured_pillars_altar,
          lemuel_crystal_altar
D:10:     serial_shops, nicolae_shop_overgrown_old_shop
D:11:     serial_shops, nicolae_shop_crystal, uniq_erica
D:12:     orc_0_dummy, serial_shops, shop, kennysheep_mini_moat,
          hangedman_decor_clover_reticule, hangedman_tell_no_tales,
          uniq_gastronok
D:13:     minivault_16
D:14:     grunt_vaults_entry_fortified, serial_park_tiny_2, minmay_statue_bubble

Skill      XL: |  1  2  3  4  5  6  7  8  9 10 11 12 13 |
---------------+----------------------------------------+-----
Axes           | 2 3 4 5 6 8 9 11 12 13 | 13.1
Armour         | 4 5 6 7 8 9 11 | 11.5
Fighting       | 4 5 6 7 8 9 10 11 | 11.3
Shields        | 4 5 6 7 8 9 10 11 | 11.4

Action                   |  1- 3 |  4- 6 |  7- 9 | 10-12 | 13-15 || total
-------------------------+-------+-------+-------+-------+-------++-------
Melee: War axe           |    98 |   159 |    83 |       |       ||   340
       Hand axe          |       |       |   271 |   494 |   106 ||   871
Evoke: Wand              |       |       |     2 |     6 |     5 ||    13
  Use: Potion            |       |     1 |       |       |     2 ||     3
  Eat: Chunk             |       |     7 |     4 |    11 |     3 ||    25
       Meat ration       |       |       |     1 |     1 |       ||     2
       Fruit             |       |       |     2 |       |       ||     2
Armor: Scale mail        |    77 |   101 |     2 |       |       ||   180
       Plate armour      |       |       |   193 |    57 |       ||   250
       Chain mail        |       |       |       |   170 |    48 ||   218
Dodge: Dodged            |    56 |    57 |    40 |    82 |    18 ||   253
Block: Shield            |    60 |    93 |   167 |   229 |    55 ||   604
